 Dungeon Crawl Stone Soup version 0.20-a0-1116-gaa52201 (webtiles) character file.

633 Monsterracer the Gusty (level 7, 0/36 HPs)
             Began as a Tengu Air Elementalist on May 7, 2017.
             Was an Initiate of Vehumet.
             Slain by theAP's ghost (16 damage)
             ... on level 4 of the Dungeon.
             The game lasted 00:25:05 (7489 turns).

Monsterracer the Gusty (Tengu Air Elementalist)     Turns: 7489, Time: 00:25:06

Health: 0/36       AC:  9    Str: 11    XL:     7   Next: 49%
Magic:  4/14       EV: 12    Int: 15    God:    Vehumet [......]
Gold:   184        SH:  0    Dex: 14    Spells: 3/13 levels left

rFire    . . .     SeeInvis .   n - +4 quarterstaff (chaos)
rCold    . . .     Gourm    .   (shield currently unavailable)
rNeg     . . .     Faith    .   a - +0 robe
rPois    .         Spirit   .   (helmet restricted)
rElec    .         Reflect  .   o - +0 cloak
rCorr    .         Harm     .   j - +1 pair of gloves
MR       +....                  (boots unavailable)
Stlth    ++........             u - amulet of magic regeneration
Regen    0.2/turn               p - +4 ring of protection
MPRegen  0.3/turn               k - ring of protection from magic

@: no status effects
A: beak, talons 3, dopey 1, high mp 1, strong 1, able to fly 1, sturdy frame 1
a: Fly, Renounce Religion


You were on level 4 of the Dungeon.
You worshipped Vehumet.
Vehumet was noncommittal.
You were very hungry.

You visited 2 branches of the dungeon, and saw 6 of its levels.

You collected 184 gold pieces.

Inventory:

Hand Weapons
 n - a +4 quarterstaff of chaos (weapon)
 w - a +1 morningstar
Armour
 a - a +0 robe (worn)
 j - a +1 pair of gloves (worn)
 o - a +0 cloak (worn)
 s - a +0 shield
 t - a +0 buckler
Jewellery
 i - an uncursed ring of protection from fire
 k - a ring of protection from magic (right hand)
 p - a +4 ring of protection (left hand)
 u - an amulet of magic regeneration (around neck)
Wands
 q - a wand of paralysis (5/24)
Scrolls
 e - a scroll of blinking
 f - a scroll of teleportation
 g - 2 scrolls of identify
 h - 2 scrolls of remove curse
 l - a scroll of amnesia
 m - a scroll of magic mapping
 y - a scroll of fog {unknown}
Potions
 d - a potion of heal wounds
 r - a potion of brilliance
 v - 2 potions of curing
 x - a potion of might
Books
 b - a book of Air

   Spells                             Type                      Level
   a - Shock                          Conjuration/Air              1
   b - Swiftness                      Charms/Air                   2
   c - Static Discharge               Conjuration/Air              3
   d - Airstrike                      Air                          4
   e - Lightning Bolt                 Conjuration/Air              5
Comestibles
 c - 3 bread rations
 z - 2 fruits


   Skills:
 + Level 2.1 Maces & Flails
 - Level 2.1 Dodging
 - Level 2.0 Stealth
 + Level 3.7 Spellcasting
 * Level 6.3 Conjurations
 * Level 7.2 Air Magic


You had 3 spell levels left.
You knew the following spells:

 Your Spells              Type           Power        Failure   Level  Hunger
a - Shock                 Conj/Air       ###.         1%          1    None
b - Swiftness             Chrm/Air       ##......     6%          2    ##.....
c - Static Discharge      Conj/Air       ###.....     3%          3    ###....
d - Airstrike             Air            ###.......   10%         4    ####...


Dungeon Overview and Level Annotations

Branches:
Dungeon (5/15)             Temple (1/1) D:5

Altars:
Ashenzari
Cheibriados
Dithmenos
Elyvilon
Gozag
Hepliaklqana
Kikubaaqudgha
Makhleb
Okawaru
Ru
Sif Muna
Trog
Uskayaw
Vehumet
Wu Jian
Xom
Yredelemnul
Zin
The Shining One

Annotations:
D:4 theAP's ghost, amateur GrFi


Innate Abilities, Weirdness & Mutations

You have a beak for a mouth.
You have claws for feet.
You can fly.
You are dopey. (Int -2)
You have an increased reservoir of magic. (+10% MP)
Your muscles are strong. (Str +2)
Your movements are slightly less encumbered by armour. (ER -2)


Message History

The air twists around and violently strikes theAP's ghost!
TheAP's ghost is heavily damaged.
You are feeling very hungry.
TheAP's ghost barely misses you.
You hit theAP's ghost. Your kick misses theAP's ghost.
Your peck misses theAP's ghost.
TheAP's ghost is heavily damaged.
You float gracefully downwards.
TheAP's ghost hits you.
You hit theAP's ghost.
TheAP's ghost seems to speed up.
TheAP's ghost is severely damaged.
TheAP's ghost closely misses you.
TheAP's ghost hits you but does no damage.
You hit theAP's ghost but do no damage.
TheAP's ghost is severely damaged.
TheAP's ghost barely misses you. x2
You hit theAP's ghost.
TheAP's ghost convulses.
Your kick misses theAP's ghost.
You peck theAP's ghost, but do no damage.
TheAP's ghost is severely damaged.
TheAP's ghost hits you! x2
You die...

##....# ##..####.....## #...##
##...........# #...#
########....# ###..>####
###... #####........### #...
##..............# ##.(
...##......♣♣♣..# ####...
#######.<.♣# #♣W#####
#####...... ##...♣
♣.@...###.......... ##....♣#
#♣...........>....^.
#...#..♣♣♣...................
##.###........#...>...........
##.##
##..##...#...##..........
###..##
#..######...##########..
#..#..# #.## ##..# #.. ..###.#
#.# #..# #.. [.###§## #.#
##..# ##..


You could see theAP's ghost.

Vanquished Creatures
  A centaur (D:5)
  A crimson imp (D:5)
  2 hounds
  Crazy Yiuf (D:2)
  An orc priest (D:5)
  2 orc wizards (D:5)
  2 iguanas (D:4)
  Ijyb (D:3)
  2 worker ants (D:5)
  2 hound skeletons (D:4)
  A howler monkey skeleton (D:4)
  5 adders
  A shadow imp (D:5)
  5 worms
  5 dart slugs
  5 leopard geckos
  14 orcs
  12 bats
  4 giant cockroaches
  8 goblins
  11 hobgoblins
  5 quokkas
  2 ball pythons
  5 frilled lizards
  A jackal skeleton (D:3)
  7 kobolds
  8 rats
114 creatures vanquished.

Vanquished Creatures (others)
  A quokka (D:4)
1 creature vanquished.

Grand Total: 115 creatures vanquished

Notes
Turn   | Place    | Note
-------+----------+-------------------------------------------
     0 | D:1      | Monsterracer the Tengu Air Elementalist began the quest for the Orb.
     0 | D:1      | Reached XP level 1. HP: 10/10 MP: 4/4
   278 | D:1      | Reached XP level 2. HP: 15/15 MP: 1/6
   340 | D:1      | Learned a level 2 spell: Swiftness
   340 | D:1      | Found a shattered altar of Ashenzari.
   834 | D:1      | Reached XP level 3. HP: 14/19 MP: 0/7
   893 | D:1      | Learned a level 3 spell: Static Discharge
  1169 | D:2      | Found a shimmering altar of Xom.
  1385 | D:2      | Found a burning altar of Makhleb.
  1574 | D:2      | Gained mutation: Your movements are slightly less encumbered by armour. (ER -2) [potion of mutation]
  1574 | D:2      | Gained mutation: You have an increased reservoir of magic. (+10% MP) [potion of mutation]
  1574 | D:2      | Gained mutation: You are dopey. (Int -2) [potion of mutation]
  1574 | D:2      | Gained mutation: Your muscles are strong. (Str +2) [potion of mutation]
  1595 | D:2      | Found a runed door.
  1863 | D:2      | Found an ancient bone altar of Kikubaaqudgha.
  2423 | D:2      | Reached XP level 4. HP: 24/24 MP: 2/9
  2638 | D:3      | Noticed Ijyb
  2661 | D:3      | Killed Ijyb
  2661 | D:3      | Reached skill level 5 in Air Magic
  3523 | D:2      | Gained mutation: You can fly. [Tengu growth]
  3523 | D:2      | Reached XP level 5. HP: 28/28 MP: 7/10
  4353 | D:4      | Learned a level 4 spell: Airstrike
  4486 | D:4      | Reached skill level 1 in Maces & Flails
  4573 | D:4      | Reached XP level 6. HP: 32/32 MP: 9/12
  4600 | D:4      | Found a white marble altar of Elyvilon.
  4660 | D:4      | Reached skill level 5 in Conjurations
  4757 | D:4      | Learned a level 2 spell: Swiftness
  4888 | D:4      | Found a shadowy altar of Dithmenos.
  4897 | D:4      | Noticed theAP's ghost (amateur GrFi)
  4937 | D:4      | Reached skill level 6 in Air Magic
  5413 | D:2      | Noticed Crazy Yiuf
  5420 | D:2      | Killed Crazy Yiuf
  5730 | D:5      | Entered Level 5 of the Dungeon
  5984 | D:5      | Found a staircase to the Ecumenical Temple.
  6000 | Temple   | Entered the Ecumenical Temple
  6030 | Temple   | Became a worshipper of Vehumet
  6262 | D:5      | Reached XP level 7. HP: 32/36 MP: 5/14
  6614 | D:5      | Reached skill level 7 in Air Magic
  7489 | D:4      | Slain by theAP's ghost

Vault maps used:
D:1:      dpeg_arrival_rooms_b, serial_forest, infiniplex_forest_clump_cross,
          infiniplex_forest_lined_room_2, infiniplex_forest_end_2,
          infiniplex_forest_straight_2, infiniplex_forest_lined_1,
          infiniplex_forest_clump_cross, evilmike_ruin_ashenzari
D:2:      kiku_gazebo_garden_becter, xom_teletrap_fun,
          nicolae_overflow_crystal_walls, first_bread, uniq_crazy_yiuf_cottage
D:3:      kennysheep_small_spiral, st_stairs_11, patterned_corridor, uniq_ijyb
D:4:      elyvilon_altar_4, grunt_dithmenos_smoke_and_mirrors,
          hangedman_decor_growths, nrook_mini_vaults, minmay_stone_trees_small
D:5:      temple_fountains
Temple:   dpeg_chambers_temple

Skill      XL: |  1  2  3  4  5  6  7 |
---------------+----------------------+-----
Conjurations   | 2 3 4 5 6 |  6.3
Air Magic      | 5 6 7 |  7.2
Spellcasting   | 3 |  3.7
Maces & Flails | 1 2 |  2.1
Dodging        | |  2.1
Stealth        | |  2.0

Action                   |  1- 3 |  4- 6 |  7- 9 || total
-------------------------+-------+-------+-------++-------
Melee: Unarmed           |     4 |       |       ||     4
       Kick              |     4 |    11 |     2 ||    17
       Peck              |     2 |     6 |     2 ||    10
       Club              |     1 |       |       ||     1
       Mace              |     2 |    17 |       ||    19
       Morningstar       |       |    19 |     4 ||    23
       Quarterstaff      |       |       |     6 ||     6
 Cast: Shock             |    81 |   161 |    20 ||   262
       Static Discharge  |     2 |     4 |     6 ||    12
       Swiftness         |       |     2 |       ||     2
       Airstrike         |       |     2 |     7 ||     9
 Abil: Fly               |       |     3 |     2 ||     5
  Use: Potion            |     4 |     3 |       ||     7
       Scroll            |     3 |     6 |       ||     9
  Eat: Chunk             |     5 |    13 |     6 ||    24
       Royal jelly       |       |     1 |       ||     1
Armor: Robe              |     3 |    25 |     6 ||    34
Dodge: Dodged            |     9 |    49 |    14 ||    72
